 Dungeon Crawl Stone Soup version 0.20.1-1-g8b1a95d (console) character file.

28 Goblin1989 the Cudgeler (level 2, -2/36 HPs)
             Began as a Demonspawn Monk on July 7, 2017.
             Slain by a quokka (3 damage)
             ... on level 2 of the Dungeon.
             The game lasted 00:01:15 (794 turns).

Goblin1989 the Cudgeler (Demonspawn Monk)            Turns: 794, Time: 00:01:16

Health: -2/36      AC: 21    Str: 11    XL:     2   Next: 96%
Magic:  2/2        EV:  2    Int: 11    God:
Gold:   11         SH:  0    Dex: 15    Spells: 1/1 levels left

rFire    . . .     SeeInvis .   a - +0 mace
rCold    . . .     Gourm    .   (no shield)
rNeg     + + +     Faith    .   (armour currently unavailable)
rPois    +         Spirit   .   (helmet currently unavailable)
rElec    .         Reflect  .   (cloak currently unavailable)
rCorr    .         Harm     .   (gloves currently unavailable)
MR       .....     NoTele   +   (boots currently unavailable)
Stlth    ++........             (no amulet)
Regen    0.2/turn               (no ring)
MPRegen  0.1/turn               (no ring)

@: tree-form
A: no striking features
a: no special abilities


You were on level 2 of the Dungeon.
You were not hungry.
You were a tree.
You visited 1 branch of the dungeon, and saw 2 of its levels.

You collected 11 gold pieces.

Inventory:

Hand Weapons
 a - a +0 mace (weapon)
Armour
 b - a +0 robe (melded)
 g - a +0 helmet
 n - a +0 cloak
Scrolls
 h - a scroll of amnesia {unknown}
 i - a scroll of recharging {unknown}
 j - a scroll of identify {unknown}
 m - a scroll of magic mapping {unknown}
Comestibles
 e - a bread ration {@e1}


   Skills:
 - Level 3.0 Fighting
 + Level 3.8 Maces & Flails
 - Level 2.6 Dodging
 - Level 1.7 Stealth


You had one spell level left.
You didn't know any spells.

Dungeon Overview and Level Annotations

Branches:
Dungeon (2/15)

Altars:


Innate Abilities, Weirdness & Mutations

((You have a pair of small horns on your head.))


Message History

The quokka bites you but does no damage.
The adder bites you.
You take 2 damage, and have 22/24 hp.
You closely miss the adder. The quokka barely misses you. The adder bites you.
You are poisoned.
The adder poisons you! The quokka bites you.
You take 4 damage, and have 18/24 hp.
You hit the adder. Your headbutt misses the adder.
The adder is lightly wounded.
You feel sick. The adder closely misses you. The quokka bites you.
The adder completely misses you.
You take 4 damage, and have 14/24 hp.
You are too injured to fight recklessly!
You are too injured to fight recklessly!
You are too injured to fight recklessly!
You are too injured to fight recklessly!
You are too injured to fight recklessly!
You are too injured to fight recklessly!
You are too injured to fight recklessly!
You are too injured to fight recklessly!
You are too injured to fight recklessly!
You are too injured to fight recklessly!
You are too injured to fight recklessly!
You are too injured to fight recklessly!
You are too injured to fight recklessly!
You are too injured to fight recklessly!
You are too injured to fight recklessly!
You are too injured to fight recklessly!
You are too injured to fight recklessly!
You are too injured to fight recklessly!
You are too injured to fight recklessly!
You are too injured to fight recklessly!
You are too injured to fight recklessly!
You are too injured to fight recklessly!
You are too injured to fight recklessly!
Unknown command.
The adder bites you.
You take 2 damage, and have 12/24 hp.
You barely miss the adder.
The adder is lightly wounded.
You feel sick. The adder bites you.
* * * LOW HITPOINT WARNING * * *
You take 2 damage, and have 10/24 hp.
You sock the adder!
The adder is severely wounded.
The adder closely misses you. The adder bites you but does no damage.
You closely miss the adder.
The adder is severely wounded.
The adder completely misses you.
You miss the adder.
The adder is severely wounded.
You feel sick. The adder closely misses you. The adder bites you.
* * * LOW HITPOINT WARNING * * *
You take 6 damage, and have 5/24 hp.
MASSIVE DAMAGE!!
You miss the adder. Your headbutt misses the adder.
The adder is severely wounded.
The adder bites you.
* * * LOW HITPOINT WARNING * * *
The adder barely misses you.
You take 1 damage, and have 4/24 hp.
You closely miss the adder.
The adder is severely wounded.
The adder bites you.
* * * LOW HITPOINT WARNING * * *
You take 2 damage, and have 2/24 hp.
You hit the adder. Your headbutt misses the adder.
The adder is severely wounded.
* * * LOW HITPOINT WARNING * * *
You feel sick. The adder bites you but does no damage.
The adder completely misses you.
You take 1 damage, and have 1/24 hp.
You closely miss the adder. Your headbutt misses the adder.
The adder is severely wounded.
The adder closely misses you.
It was a potion of lignification.
You turn into a tree.
Your +0 robe melds into your body.
Your roots penetrate the ground.
The adder bites you but does no damage. x2
You now have 1/36 hp.
You closely miss the adder.
The adder is severely wounded.
The adder bites you but does no damage.
You miss the adder.
The adder is severely wounded.
* * * LOW HITPOINT WARNING * * *
You feel sick.
You are no longer poisoned.
The adder bites you but does no damage. x2
You hit the adder but do no damage.
The adder is severely wounded.
The adder bites you but does no damage. x2
You thump the adder!
You kill the adder!
You barely miss the quokka.
The quokka bites you but does no damage.
You barely miss the quokka.
The quokka bites you but does no damage. x2
You hit the quokka but do no damage.
The quokka bites you but does no damage.
You closely miss the quokka. The quokka bites you.
You die...

..██...██..██
█..........██..$...
████..................
█............█........
█?..<.....█........
█.........█........
█.........█........
█...........█........
...!.......†♣r........
████.........██.......
█.........█ █.....█


███████████ ██████ You could see a quokka.

Vanquished Creatures
  An adder (D:2)
  An ooze (D:2)
  A leopard gecko (D:2)
  A giant cockroach (D:1)
  A goblin (D:1)
  2 hobgoblins (D:1)
  A ball python (D:1)
  A bat (D:1)
  2 kobolds (D:1)
  3 rats (D:1)
14 creatures vanquished.

Notes
Turn   | Place    | Note
-------+----------+-------------------------------------------
     0 | D:1      | Goblin1989 the Demonspawn Monk began the quest for the Orb.
     0 | D:1      | Reached XP level 1. HP: 18/18 MP: 1/1
   418 | D:1      | Gained mutation: You have a pair of small horns on your head. [demonic ancestry]
   418 | D:1      | Reached XP level 2. HP: 24/24 MP: 2/2
   784 | D:2      | HP: 1/24 [poisoned by an adder]
   794 | D:2      | Slain by a quokka

Skill      XL: |  1 |
---------------+----+-----
Maces & Flails | 3 |  3.8
Fighting       | |  3.0
Dodging        | |  2.6
Stealth        | |  1.7

Action                   || total
-------------------------++-------
Melee: Mace              ||    61
       Headbutt          ||     1
  Use: Potion            ||     1
Armor: Robe              ||    14
       Skin              ||    11
Dodge: Dodged            ||    47

Vault maps used:
D:1:      evilmike_arrival_crescent, minmay_misc_feat_hallway
D:2:      serial_curves, eino_curves_03, eino_curves_01
